 Dungeon Crawl Stone Soup version 0.26-a0-154-g3d63440f56 (webtiles) character file.

Game seed: 8554684996124742113

804 Gargoyl the Skirmisher (level 7, -1/61 HPs)
             Began as a Centaur Abyssal Knight on July 2, 2020.
             Was a Believer of Lugonu.
             Killed from afar by Blork the orc (2 damage)
             ... with a puff of flame
             ... on level 5 of the Dungeon.
             The game lasted 00:06:15 (4333 turns).

Gargoyl the Skirmisher (Centaur Abyssal Knight)     Turns: 4333, Time: 00:06:15

Health: -1/61      AC: 12    Str: 21    XL:     7   Next: 60%
Magic:  9/9        EV:  4    Int: 17    God:    Lugonu [**....]
Gold:   154        SH:  0    Dex: 10    Spells: 6/6 levels left

rFire    . . .     SeeInvis .   a - +1 hand axe
rCold    . . .     Faith    .   (no shield)
rNeg     . . .     Spirit   .   u - +0 chain mail
rPois    .         Reflect  .   (no helmet)
rElec    +         Harm     .   (no cloak)
rCorr    .                      (no gloves)
MR       .....                  r - +0 centaur barding
Stlth    ..........             k - amulet of magic regeneration
HPRegen  0.20/turn              e - +6 ring of intelligence
MPRegen  0.36/turn              o - +6 ring of strength

@: lethally poisoned (-1 -> -4), very quick
A: large, hooves 3, deformed body, speed 2, electricity resistance, tough skin
3, subdued magic 1
a: Depart the Abyss, Bend Space, Renounce Religion


You were on level 5 of the Dungeon.
You worshipped Lugonu.
Lugonu was pleased with you.
You were very hungry.

You visited 1 branch of the dungeon, and saw 5 of its levels.
You visited the Abyss 1 time.

You collected 154 gold pieces.

Inventory:

Hand Weapons
 a - a +1 hand axe (weapon)
 g - a +0 war axe
Missiles
 s - 6 boomerangs (quivered)
Armour
 r - a +0 centaur barding (worn)
 u - a +0 chain mail (worn)
Jewellery
 e - a +6 ring of intelligence (left hand)
 k - an amulet of magic regeneration (around neck)
 o - a +6 ring of strength (right hand)
Wands
 d - a wand of iceblast (1)
Scrolls
 b - a scroll of fog {unknown}
 h - 2 scrolls of identify
 p - a scroll of teleportation
 q - 2 scrolls of magic mapping
 t - a scroll of remove curse
 v - 2 scrolls of enchant armour
Potions
 f - a potion of degeneration {unknown}
 i - 2 potions of lignification {unknown}
 j - 4 potions of curing {unknown}
 l - a potion of heal wounds {unknown}
 m - a potion of brilliance {unknown}
 n - a potion of resistance {unknown}
Comestibles
 c - 9 rations


   Skills:
 + Level 5.6 Fighting
 + Level 3.8 Axes
 + Level 0.9 Throwing
 * Level 3.2 Armour
 * Level 2.1 Dodging
 * Level 3.8 Invocations
 + Level 0.4 Evocations


You had 6 spell levels left.
You didn't know any spells.
Your spell library contained the following spells:

 Spells                   Type           Power        Failure   Level  Hunger
 Animate Skeleton         Necr           N/A          90%         1    ##.....
 Pain                     Necr           #...         90%         1    ##.....
 Shock                    Conj/Air       #...         90%         1    ##.....
 Swiftness                Chrm/Air       #.......     97%         2    ###....
 Static Discharge         Conj/Air       #.......     99%         3    ####...
 Vampiric Draining        Necr           #.........   99%         3    ####...
 Airstrike                Air            #.........   100%        4    #####..
 Animate Dead             Necr           N/A          100%        4    #####..
 Agony                    Necr           #.......     100%        5    ######.
 Lightning Bolt           Conj/Air       #.........   100%        5    ######.


Dungeon Overview and Level Annotations

Branches:
Dungeon (5/15)
 Temple: D:4-7

Altars:
Elyvilon
Fedhas
Gozag
Kikubaaqudgha
Trog
Uskayaw

Shops:
D:4 [

Annotations:
D:5 Blork the orc


Innate Abilities, Weirdness & Mutations

You have hooves in place of feet.
Armour fits poorly on your strangely shaped body.
You cover ground very quickly.
You have extremely tough skin. (AC +3)
You are resistant to electric shocks. (rElec)
Your spells are a little easier to cast, but a little less powerful.


Message History

Blork the orc hits you with a +0 trident.
* * * LOW HITPOINT WARNING * * *
You slash Blork the orc!
Blork the orc is almost dead.
Blork the orc points at you and mumbles some strange words.
The magic dart hits you.
* * * LOW HITPOINT WARNING * * *
Blork the orc points at you and mumbles some strange words.
The magic dart hits you.
* * * LOW HITPOINT WARNING * * *
* * * LOW HITPOINT WARNING * * *
You feel sick.
Blork the orc mumbles some strange words.
Blork the orc flickers and vanishes!
Deactivating autopickup; reactivate with Ctrl-A.
* * * LOW HITPOINT WARNING * * *
You feel sick.
A puff of flame appears from out of thin air!
The puff of flame hits you.
You die...

##...## #... ##...##
#.. ##...# ##..##
##..## #...##
##...## ##...###
#....@## ##......###
...........†#
............{......
....................
####################


There were no monsters in sight!

Vanquished Creatures
  An ancient zyme (Abyss:3)
  A phantom (D:4)
  A scorpion (D:4)
  An orc priest (D:5)
  A hound (D:5)
  2 orc wizards (D:4)
  5 worker ants
  A howler monkey zombie (D:5)
  4 gnolls (D:4)
  5 adders
  An ooze (D:2)
  2 worms
  A dart slug (D:1)
  A leopard gecko (D:2)
  7 orcs (D:4)
  A ball python (D:1)
  10 bats
  2 giant cockroaches
  11 goblins
  9 hobgoblins
  3 jackals (D:2)
  A quokka (D:2)
  A frilled lizard (D:1)
  8 kobolds
  7 rats
87 creatures vanquished.

Vanquished Creatures (others)
  An orc wizard (D:4)
1 creature vanquished.

Grand Total: 88 creatures vanquished

Notes
Turn   | Place    | Note
-------+----------+-------------------------------------------
     0 | Abyss:1  | Gargoyl the Centaur Abyssal Knight began the quest for the
                  | Orb.
     0 | Abyss:1  | Reached XP level 1. HP: 19/19 MP: 2/2
   102 | Abyss:3  | Noticed an ancient zyme
   109 | Abyss:3  | Killed an ancient zyme
   109 | Abyss:3  | Reached skill level 5 in Fighting
   109 | Abyss:3  | Reached XP level 2. HP: 29/29 MP: 4/4
   109 | Abyss:3  | Reached XP level 3. HP: 36/36 MP: 5/5
   109 | Abyss:3  | Reached XP level 4. HP: 42/42 MP: 6/6
   109 | Abyss:3  | Reached XP level 5. HP: 48/48 MP: 7/7
   161 | Abyss:3  | Noticed a spatial vortex
   161 | Abyss:3  | Noticed a spatial vortex
   164 | Abyss:3  | Noticed a wolf spider simulacrum
   178 | Abyss:3  | Noticed a freezing wraith
   192 | D:1      | Escaped the Abyss
   812 | D:1      | Reached * piety under Lugonu
  1229 | D:2      | Reached XP level 6. HP: 42/56 MP: 8/8
  1493 | D:2      | Reached skill level 1 in Dodging
  1495 | D:2      | Found a bloodstained altar of Trog.
  1556 | D:2      | Found an opulent altar of Gozag.
  1885 | D:2      | Noticed a +0 hand axe
  1885 | D:2      | Noticed a +0 dagger
  1886 | D:2      | Found a hide-covered altar of Uskayaw.
  1886 | D:2      | You fall into a shaft and drop 1 floor!
  1886 | D:3      | Found a blossoming altar of Fedhas.
  1886 | D:3      | Found an ancient bone altar of Kikubaaqudgha.
  2269 | D:3      | Gained mutation: Your spells are a little easier to cast,
                  | but a little less powerful. [potion of mutation]
  2269 | D:3      | Gained mutation: You are resistant to electric shocks.
                  | (rElec) [potion of mutation]
  2489 | D:3      | Reached ** piety under Lugonu
  3460 | D:4      | Reached XP level 7. HP: 56/61 MP: 9/9
  3727 | D:4      | Found a white marble altar of Elyvilon.
  4010 | D:4      | Found Siny's Antique Armour Emporium.
  4258 | D:5      | Entered Level 5 of the Dungeon
  4314 | D:5      | Noticed Blork the orc
  4330 | D:5      | HP: 3/61 [Blork the orc/magic dart (6)]
  4333 | D:5      | HP: 1/61 [poisoned by a worker ant]
  4333 | D:5      | Killed from afar by Blork the orc

Illustrated notes

Levels and vault maps discovered:
D:1:      dpeg_arrival_triangle_fractal, layout_basic, serial_rivers,
          chequers_serial_rivers_small_a, chequers_serial_rivers_micro_c,
          chequers_serial_rivers_micro_d, chequers_serial_rivers_micro_d
D:2:      layout_loops_corners, grunt_gozag_statues, dancing_weapons_uskayaw,
          trog_three_pillars_becter
D:3:      layout_basic, grunt_temple_overflow_growth_and_decay, first_ration
D:4:      layout_loops_ring, elyvilon_altar_5, serial_shops, kennysheep_mini,
          minmay_goblin_outpost
D:5:      minmay_thick_lines, layout_cave_pools, sigmund_army,
          uniq_blork_the_orc, uniq_ijyb

Skill      XL: |  1  2  3  4  5  6  7 |
---------------+----------------------+-----
Fighting       | 5 |  5.6
Axes           | 2 3 |  3.8
Armour         | 2 3 |  3.2
Dodging        | 1 2 |  2.1
Invocations    | 3 |  3.8
Throwing       | |  0.9
Evocations     | |  0.4

Action                   |  1- 3 |  4- 6 |  7- 9 || total
-------------------------+-------+-------+-------++-------
Melee: Hand axe          |       |   188 |    59 ||   247
       Kick              |       |    41 |    13 ||    54
Throw: Boomerang         |       |       |    18 ||    18
Invok: Depart the Abyss  |       |     1 |       ||     1
Evoke: Wand              |     3 |     1 |       ||     4
  Use: Scroll            |     1 |     9 |       ||    10
       Potion            |       |     1 |       ||     1
  Eat: Chunk             |       |     6 |     1 ||     7
Armor: Leather armour    |       |    64 |       ||    64
       Chain mail        |       |    40 |    70 ||   110
Dodge: Dodged            |       |    91 |    11 ||   102

Table legend:
 A = Non-vault XP
 B = Vault XP
 C = Vault XP percentage of total XP
 D = Non-vault monster count
 E = Vault monster count
 F = Vault count percentage of total count
                 A         B        C        D         E       F
            +---------+---------+-------+---------+---------+-------
      Total |    1058 |      91 |   7.9 |      78 |      10 |  11.4
            +---------+---------+-------+---------+---------+-------
        D:1 |      33 |       0 |   0.0 |      19 |       0 |   0.0
        D:2 |      78 |       0 |   0.0 |      20 |       0 |   0.0
        D:3 |      51 |       0 |   0.0 |      14 |       0 |   0.0
        D:4 |     496 |      16 |   3.1 |      22 |       8 |  26.7
        D:5 |      56 |      75 |  57.3 |       2 |       2 |  50.0
    Abyss:3 |     344 |       0 |   0.0 |       1 |       0 |   0.0
            +---------+---------+-------+---------+---------+-------
